[Event "Team 45 45 League T83"]
[Site "Internet Chess Club"]
[Date "2020.02.06"]
[Round "6"]
[White "fireball"]
[Black "WillC"]
[Result "0-1"]
[WhiteElo "1467"]
[BlackElo "1584"]
[Opening "Scandinavian: Marshall variation"]
[ECO "B01"]
[Time "19:30:29"]
[TimeControl "2700+45"]

1. e4 d5 2. exd5 Nf6 3. d4 Nxd5 4. c4 Nf6 5. Nf3 Bg4 6. Be2 e6 7. O-O Be7 8. Nc3
O-O 9. Be3 c6 10. a3 a5 11. Ne5 Bxe2 12. Qxe2 Nbd7 13. f4 c5 14. Rad1 cxd4 15.
Rxd4 Qc8 16. Nxd7 Nxd7 17. g4 Bc5 18. Rd3 Nf6 19. g5 Bxe3+ 20. Rxe3 Nd7 21. Rh3
Qc5+ 22. Rf2 Rfd8 23. Qe4 Nf8 24. Na4 Rd1+ 25. Kg2 Qd6 26. Nc3 Rd4 27. Qf3 Qd7
28. Ne4 Rd8 29. Nf6+ gxf6 30. gxf6 Qc6 31. Qxc6 bxc6 32. Rg3+ Kh8 33. Rg7 Rd2
34. Rxd2 Rxd2+ 35. Kf3 Rd7 36. Ke4 Ng6 37. f5 exf5+ 38. Kxf5 Nh4+ 39. Kg5 Nf3+
40. Kf5 Nd4+ 41. Ke5 Ne6 42. Rg2 Rd4 43. Rg7 Rd7 44. Rg2 h6 45. h4 h5 46. Rg3
Rd4 47. Rg7 Rd7 48. Rg3 Kh7 49. Rg2 Rd4 50. Rg7+ Nxg7 51. Kxd4 Nf5+ 52. Kc5 Nxh4
53. Kxc6 Nf5 54. c5 h4 55. Kd5 h3 56. c6 h2 57. c7 h1=Q+ 58. Ke5 Qc6 59. Kxf5
Qxc7 {White resigns} 0-1

[Event "Team 45 45 League T83"]
[Site "Internet Chess Club"]
[Date "2020.02.06"]
[Round "6"]
[White "tightfist"]
[Black "nidusin2"]
[Result "0-1"]
[WhiteElo "1455"]
[BlackElo "1537"]
[Opening "Réti opening"]
[ECO "A04"]
[Time "10:31:59"]
[TimeControl "2700+45"]

1. Nf3 d6 2. d4 Nd7 3. e4 Ngf6 4. Bd3 e5 5. c3 c6 6. O-O Be7 7. Nbd2 h6 8. Qc2
Nf8 9. dxe5 dxe5 10. Nxe5 Qc7 11. Nef3 Ng6 12. Re1 Ne5 13. Nxe5 Qxe5 14. Nf3 Qh5
15. Bf4 O-O 16. Bg3 Bc5 17. h3 Bxh3 18. Be2 Bg4 19. Rad1 Bb6 20. Nh2 Bxe2 21.
Qxe2 Qg6 22. Rd6 Qxg3 23. Nf1 Qxd6 24. Rd1 Qe5 25. Re1 Rfe8 26. Nd2 Bc7 27. g3
Qh5 28. Qf1 Qg4 29. Qg2 Rad8 30. Nf3 Rxe4 31. Rxe4 Qxe4 32. Kh2 Rd5 {White
resigns} 0-1

[Event "Team 45 45 League T83"]
[Site "Internet Chess Club"]
[Date "2020.02.09"]
[Round "6"]
[White "dabodhi"]
[Black "kingphisch"]
[Result "0-1"]
[WhiteElo "1332"]
[BlackElo "1434"]
[Opening "Caro-Kann: advance variation"]
[ECO "B12"]
[Time "17:01:19"]
[TimeControl "2700+45"]

1. e4 c6 2. d4 d5 3. e5 Bf5 4. Nf3 e6 5. Be2 Ne7 6. Be3 Nd7 7. O-O c5 8. c3 Nc6
9. Bd3 Bxd3 10. Qxd3 Be7 11. Na3 a6 12. Nc2 O-O 13. g3 cxd4 14. cxd4 Rc8 15. a3
f6 16. Bf4 fxe5 17. dxe5 Nc5 18. Qe3 Ne4 19. b4 Nxe5 20. Bxe5 Rxc2 21. Rac1 Rxc1
22. Rxc1 Ng5 23. Bc7 Nxf3+ 24. Kg2 Qd7 25. Bb6 Bg5 {White resigns} 0-1

[Event "Team 45 45 League T83"]
[Site "Internet Chess Club"]
[Date "2020.02.06"]
[Round "6"]
[White "LuFran"]
[Black "ghostfire"]
[Result "1/2-1/2"]
[WhiteElo "1690"]
[BlackElo "1654"]
[Opening "Sicilian, Chekhover variation"]
[ECO "B53"]
[Time "19:00:35"]
[TimeControl "2700+45"]

1. e4 c5 2. Nf3 d6 3. d4 cxd4 4. Qxd4 Nc6 5. Bb5 Bd7 6. Bxc6 Bxc6 7. Nc3 Nf6 8.
Bg5 e5 9. Qd3 Be7 10. O-O O-O 11. Rad1 Qb6 12. b3 Rad8 13. Bxf6 Bxf6 14. Nd5
Bxd5 15. Qxd5 Be7 16. Rd2 Rc8 17. c4 Rc5 18. Qd3 a5 19. a4 h6 {Game drawn by
mutual agreement} 1/2-1/2

[Event "Team 45 45 League T83"]
[Site "Internet Chess Club"]
[Date "2020.02.09"]
[Round "6"]
[White "PJ"]
[Black "kabindra"]
[Result "1-0"]
[WhiteElo "1611"]
[BlackElo "1784"]
[Opening "Ruy Lopez: Schliemann defense, Berger variation"]
[ECO "C63"]
[Time "14:01:06"]
[TimeControl "2700+45"]

1. e4 e5 2. Nf3 Nc6 3. Bb5 f5 4. Nc3 fxe4 5. Nxe4 d5 6. Nxe5 dxe4 7. Nxc6 Qg5 8.
Qe2 Qxg2 9. Qh5+ g6 10. Qe5+ Ne7 11. Nxe7+ Kf7 12. Bc4+ {Black resigns} 1-0

[Event "Team 45 45 League T83"]
[Site "Internet Chess Club"]
[Date "2020.02.09"]
[Round "6"]
[White "kingsrook"]
[Black "howah45"]
[Result "0-1"]
[WhiteElo "1216"]
[BlackElo "1221"]
[Opening "QGD Slav defense"]
[ECO "D10"]
[Time "16:01:15"]
[TimeControl "2700+45"]

1. d4 d5 2. c4 c6 3. Nc3 Nf6 4. e3 Nbd7 5. Bd3 e5 6. Nge2 Bd6 7. c5 Bc7 8. e4
exd4 9. Nxd4 Nxc5 10. Bg5 O-O 11. O-O Nxd3 12. Qxd3 Bxh2+ 13. Kh1 Bc7 14. Rfe1
dxe4 15. Nxe4 Nxe4 16. Bxd8 Nxf2+ 17. Kg1 Nxd3 18. Bxc7 Nxe1 19. Rxe1 Bg4 20.
Re4 f5 21. Re5 Rae8 22. Ne6 Rf7 23. Ng5 Rxe5 24. Bxe5 Re7 25. Bc3 h6 26. Nf3
Bxf3 27. gxf3 Re2 28. Kf1 Rc2 29. a4 Rxc3 30. bxc3 g5 31. Kf2 g4 32. Kg3 gxf3
33. Kxf3 h5 34. Kf4 h4 35. Kf3 b5 36. axb5 cxb5 37. Kg2 f4 38. Kh3 f3 39. Kxh4
f2 {White resigns} 0-1

[Event "Team 45 45 League T83"]
[Site "Internet Chess Club"]
[Date "2020.02.07"]
[Round "6"]
[White "ascoli"]
[Black "Bumun"]
[Result "0-1"]
[WhiteElo "1567"]
[BlackElo "1686"]
[Opening "Queen's pawn: Charlick (Englund) gambit"]
[ECO "A40"]
[Time "15:01:31"]
[TimeControl "2700+45"]

1. d4 e5 2. dxe5 Nc6 3. Nf3 Qe7 4. Bg5 Qb4+ 5. Nbd2 Qxb2 6. Qb1 Qxb1+ 7. Rxb1
Be7 8. Bxe7 Ngxe7 9. g3 Ng6 10. Nc4 b6 11. Bg2 Ba6 12. Ne3 O-O-O 13. Ng5 Ncxe5
14. f4 h6 15. f5 hxg5 16. fxg6 Nxg6 17. Nf5 Rde8 18. e3 Re5 19. Nxg7 Rh7 {White
resigns} 0-1

[Event "Team 45 45 League T83"]
[Site "Internet Chess Club"]
[Date "2020.02.08"]
[Round "6"]
[White "Yedixon"]
[Black "liujf"]
[Result "1-0"]
[WhiteElo "1610"]
[BlackElo "1510"]
[Opening "English: Anglo-Grünfeld defense"]
[ECO "A16"]
[Time "09:04:22"]
[TimeControl "2700+45"]

1. c4 Nf6 2. Nc3 d5 3. cxd5 Nxd5 4. g3 e6 5. Bg2 c5 6. Nxd5 exd5 7. d4 Be6 8.
Nf3 Nc6 9. O-O Bd6 10. dxc5 Bxc5 11. Bf4 O-O 12. Qc2 Bb6 13. Ng5 g6 14. Rad1 Bd4
15. e3 Bg7 16. h4 Rc8 17. h5 Ne7 18. Qb1 Qb6 19. b3 Bf5 20. e4 dxe4 21. Bxe4 Bg4
22. Rd6 Qc5 23. hxg6 fxg6 24. Rc1 Qb4 25. Rxc8 Bxc8 26. Qd3 Qc3 27. Bd5+ Kh8 28.
Nf7+ Kg8 29. Ne5+ Nxd5 30. Qxd5+ Kh8 31. Nf7+ Rxf7 32. Rd8+ Rf8 33. Rxf8+ Bxf8
34. Be5+ Qxe5 35. Qxe5+ Kg8 36. Qd5+ Kg7 37. Qe5+ Kg8 38. Qc7 {Black resigns}
1-0

[Event "Team 45 45 League T83"]
[Site "Internet Chess Club"]
[Date "2020.02.09"]
[Round "6"]
[White "bardu"]
[Black "seattleblues"]
[Result "1-0"]
[WhiteElo "1354"]
[BlackElo "1242"]
[Opening "Nimzo-Indian: 4.e3 O-O, 5.Bd3"]
[ECO "E47"]
[Time "21:00:49"]
[TimeControl "2700+45"]

1. d4 Nf6 2. c4 e6 3. Nc3 Bb4 4. e3 O-O 5. Bd3 Nc6 6. Ne2 d6 7. O-O e5 8. d5 Ne7
9. Qc2 c6 10. dxc6 Nxc6 11. Nd5 g6 12. a3 Ba5 13. b4 Bc7 14. b5 Nxd5 15. bxc6
Ne7 16. cxb7 Bxb7 17. Be4 d5 18. cxd5 Nxd5 19. Rd1 f5 20. Bxd5+ Bxd5 21. Nc3 Rc8
22. Nxd5 Ba5 23. Qb3 Kh8 24. Bb2 {Black resigns} 1-0

[Event "Team 45 45 League T83"]
[Site "Internet Chess Club"]
[Date "2020.02.09"]
[Round "6"]
[White "room-matt"]
[Black "achessman"]
[Result "0-1"]
[WhiteElo "1778"]
[BlackElo "1787"]
[Opening "Caro-Kann: Goldman (Spielmann) variation"]
[ECO "B11"]
[Time "14:35:30"]
[TimeControl "2700+45"]

1. e4 c6 2. Nc3 d5 3. Qf3 dxe4 4. Nxe4 Nf6 5. Nxf6+ exf6 6. Bc4 Bd6 7. Ne2 Nd7
8. d4 O-O 9. O-O Qc7 10. Bf4 Re8 11. c3 Nb6 12. Bd3 Nd5 13. Bxd6 Qxd6 14. Rae1
Bd7 15. h4 h6 16. c4 Nc7 17. Bc2 Ne6 18. Qd3 Nf8 19. a3 Re7 20. Ng3 Rae8 21.
Rxe7 Rxe7 22. f4 Qe6 23. f5 Qe3+ 24. Qxe3 Rxe3 25. Ne4 Re2 26. Rf2 Rxf2 27. Kxf2
Nh7 28. g4 Kf8 29. Nc5 Bc8 30. d5 cxd5 31. cxd5 Ke7 32. Ne4 Nf8 33. d6+ Ke8 34.
Ke3 Bd7 35. Nc3 Bc6 36. b4 a6 37. Be4 Kd7 38. Bxc6+ Kxc6 39. Ne4 b6 40. Kd4 Nd7
41. g5 fxg5 42. hxg5 h5 43. a4 b5 44. axb5+ axb5 45. Ke3 Kd5 46. Kf4 h4 47. f6
gxf6 48. Nxf6+ Nxf6 49. gxf6 Kxd6 50. Kg4 Ke5 51. Kxh4 Kxf6 52. Kg4 Ke5 53. Kf3
Kd4 {White resigns} 0-1

[Event "Team 45 45 League T83"]
[Site "Internet Chess Club"]
[Date "2020.02.09"]
[Round "6"]
[White "cadmiumorange"]
[Black "bobhill"]
[Result "1/2-1/2"]
[WhiteElo "1800"]
[BlackElo "1813"]
[Opening "Sicilian: Canal-Sokolsky (Nimzovich-Rossolimo, Moscow) attack"]
[ECO "B51"]
[Time "14:05:04"]
[TimeControl "2700+45"]

1. e4 c5 2. Nf3 d6 3. Bb5+ Nc6 4. O-O Bd7 5. c3 a6 6. Bxc6 Bxc6 7. Re1 g6 8. d4
cxd4 9. cxd4 Bg7 10. Nc3 Nf6 11. Bg5 O-O 12. d5 Bd7 13. e5 dxe5 14. Nxe5 Re8 15.
Qf3 {Game drawn by mutual agreement} 1/2-1/2

[Event "Team 45 45 League T83"]
[Site "Internet Chess Club"]
[Date "2020.02.06"]
[Round "6"]
[White "Bumun"]
[Black "Yedixon"]
[Result "1-0"]
[WhiteElo "1667"]
[BlackElo "1597"]
[Opening "Pirc: Ufimtsev-Pytel variation"]
[ECO "B07"]
[Time "10:07:04"]
[TimeControl "2700+45"]

1. e4 d6 2. d4 Nf6 3. Nc3 c6 4. Bd3 e5 5. Be3 g6 6. Qd2 Bg7 7. dxe5 dxe5 8. Nf3
Nbd7 9. Bh6 O-O 10. Bxg7 Kxg7 11. h4 h5 12. Ng5 Nc5 13. O-O-O Nxd3+ 14. Qxd3
Qxd3 15. Rxd3 Bd7 16. Rhd1 Rfe8 17. Rxd7 Nxd7 18. Rxd7 {Black resigns} 1-0

[Event "Team 45 45 League T83"]
[Site "Internet Chess Club"]
[Date "2020.02.05"]
[Round "6"]
[White "mongmong"]
[Black "Constrictor"]
[Result "0-1"]
[WhiteElo "1442"]
[BlackElo "1555"]
[Opening "Dutch: Ilyin-Genevsky variation with b3"]
[ECO "A99"]
[Time "17:31:08"]
[TimeControl "2700+45"]

1. d4 f5 2. Nf3 Nf6 3. g3 e6 4. Bg2 Be7 5. O-O O-O 6. c4 d6 7. Nc3 Qe8 8. b3 a5
9. Bb2 Na6 10. a3 c6 11. Qc2 b5 12. cxb5 cxb5 13. Ne5 Rb8 14. Nc6 Rb6 15. Nxe7+
Qxe7 16. Rfc1 Bb7 17. Bxb7 Qxb7 18. Qd2 b4 19. Na4 Rb5 20. axb4 axb4 21. Rc2 Rc8
22. Rac1 Rxc2 23. Qxc2 Nd5 24. Qc8+ Qxc8 25. Rxc8+ Kf7 26. Rc6 Nb8 27. Rc8 Ke7
28. e3 Rb7 29. Kf1 Nb6 30. Nxb6 Rxb6 31. Ke2 Nc6 32. Ra8 Rb5 33. Kd3 d5 34. f3
Ra5 35. Rxa5 Nxa5 36. Kc2 g6 37. Bc1 Kd6 38. Bd2 Nc6 39. Kd3 Kd7 40. e4 Na5 41.
Bxb4 Nxb3 42. exf5 exf5 43. Bc3 Nc1+ 44. Kd2 Na2 45. Ba5 Kc6 46. Kc2 Kb5 47. Bd2
Kc4 48. Kb2 Nb4 49. Be3 Nc6 50. Kc2 Nxd4+ 51. Bxd4 Kxd4 52. Kd2 g5 53. h3 h5 54.
g4 fxg4 55. fxg4 hxg4 56. hxg4 Ke4 57. Ke2 Kf4 58. Kd3 Kxg4 59. Kd4 Kf3 60. Kxd5
g4 {White resigns} 0-1

[Event "Team 45 45 League T83"]
[Site "Internet Chess Club"]
[Date "2020.02.08"]
[Round "6"]
[White "fishhead"]
[Black "QuieroAprender"]
[Result "1-0"]
[WhiteElo "1835"]
[BlackElo "1638"]
[Opening "Ruy Lopez: 5.O-O"]
[ECO "C78"]
[Time "17:12:31"]
[TimeControl "2700+45"]

1. e4 e5 2. Nf3 Nc6 3. Bb5 a6 4. Ba4 Nf6 5. O-O b5 6. Bb3 Bc5 7. Nxe5 Nxe5 8. d4
Bd6 9. dxe5 Bxe5 10. f4 Bd6 11. e5 Bc5+ 12. Kh1 Ne4 13. Qd5 {Black resigns} 1-0

[Event "Team 45 45 League T83"]
[Site "Internet Chess Club"]
[Date "2020.02.09"]
[Round "6"]
[White "kabindra"]
[Black "Goli"]
[Result "0-1"]
[WhiteElo "1765"]
[BlackElo "1736"]
[Opening "Pirc: classical, h3 system"]
[ECO "B06"]
[Time "16:01:08"]
[TimeControl "2700+45"]

1. e4 g6 2. d4 Bg7 3. Nc3 d6 4. h3 Nf6 5. Nf3 O-O 6. Bd3 c5 7. d5 e6 8. Be3 exd5
9. exd5 a6 10. a4 Re8 11. O-O b6 12. Qd2 Bb7 13. Bg5 Qc7 14. Rfe1 Nbd7 15. Qf4
Nxd5 16. Nxd5 Bxd5 17. Rad1 Bxf3 18. Qxf3 Ne5 19. Qg3 Nxd3 20. Rxe8+ Rxe8 21.
Qxd3 Qc6 22. Qxd6 Qxd6 23. Rxd6 Re1+ {White resigns} 0-1

[Event "Team 45 45 League T83"]
[Site "Internet Chess Club"]
[Date "2020.02.07"]
[Round "6"]
[White "cityprosecutor"]
[Black "VictorRed"]
[Result "1-0"]
[WhiteElo "1674"]
[BlackElo "1585"]
[Opening "Sicilian defense"]
[ECO "B20"]
[Time "23:12:47"]
[TimeControl "2700+45"]

1. e4 c5 2. d3 e6 3. Nd2 d5 4. g3 d4 5. f4 Nc6 6. Ngf3 Nf6 7. Bg2 Ng4 8. Nf1 Be7
9. h3 Nf6 10. N1h2 Nh5 11. Kf2 Qc7 12. a3 h6 13. Ne5 g6 14. Nhf3 Bf6 15. Nxc6
Qxc6 16. e5 Be7 17. Nxd4 Qb6 18. Nb3 Bd7 19. Be3 Ng7 20. Be4 O-O-O 21. Nd2 Nf5
22. Nc4 Qc7 23. Bxf5 gxf5 24. b4 b5 25. Nd6+ Bxd6 26. exd6 Qxd6 27. Bxc5 Qc7 28.
Qe2 Bc6 29. Rhe1 Qd7 30. Qe5 Qb7 31. Rg1 Rhg8 32. Rad1 Bf3 33. Rde1 Bc6 34. Be3
{Black resigns} 1-0

[Event "Team 45 45 League T83"]
[Site "Internet Chess Club"]
[Date "2020.02.08"]
[Round "6"]
[White "Andressa"]
[Black "scostanzo212"]
[Result "1/2-1/2"]
[WhiteElo "1347"]
[BlackElo "1576"]
[Opening "Sicilian: closed, 2...Nc6"]
[ECO "B23"]
[Time "21:08:36"]
[TimeControl "2700+45"]

1. e4 c5 2. Nc3 Nc6 3. Nf3 d6 4. Bc4 Nf6 5. O-O a6 6. a3 b5 7. Be2 Bb7 8. d4
cxd4 9. Nxd4 Nxd4 10. Qxd4 g6 11. Qd3 Bg7 12. Bf3 Qc7 13. Nd5 Nxd5 14. exd5 Rc8
15. c3 O-O 16. Bf4 Qc4 17. Qxc4 bxc4 18. Rfe1 Rfe8 19. Rad1 a5 20. h3 h6 21. Bg3
Kf8 22. Re3 Rb8 23. Rde1 Ba6 24. R1e2 a4 25. h4 Rb6 26. h5 g5 27. Bg4 Bb5 28.
Kf1 Bf6 29. Kg1 Reb8 30. Rd2 Ba6 31. Ree2 Bc8 32. Bxc8 Rxc8 33. f3 Ke8 34. Bf2
Rbb8 35. Bg3 Kd7 36. f4 Rg8 37. f5 Rgc8 38. Bh2 Rb5 39. Re1 Rcb8 40. Ree2 Rc8
41. Re1 Rcc5 42. Red1 Rb8 43. Re1 Rcb5 44. Ree2 Rb3 45. Rc2 R3b5 46. Rcd2 Rc8
47. Re1 Re8 48. Re4 Rc8 49. Re1 Rcb8 {Game drawn by repetition} 1/2-1/2

[Event "Team 45 45 League T83"]
[Site "Internet Chess Club"]
[Date "2020.02.09"]
[Round "6"]
[White "Mitochondria"]
[Black "Hectormercado"]
[Result "1-0"]
[WhiteElo "1550"]
[BlackElo "1489"]
[Opening "QGD semi-Slav: Meran, 8...a6"]
[ECO "D48"]
[Time "19:05:02"]
[TimeControl "2700+45"]

1. d4 d5 2. c4 c6 3. e3 Nf6 4. Nf3 e6 5. Nc3 Nbd7 6. Bd3 dxc4 7. Bxc4 b5 8. Bd3
a6 9. O-O Bb7 10. Qc2 Rc8 11. Ne4 c5 12. Nxc5 Nxc5 13. dxc5 Bxf3 14. gxf3 Rxc5
15. Qe2 Rg5+ 16. Kh1 Bd6 17. e4 Rh5 18. f4 Rh4 19. e5 Ng4 20. exd6 Rxh2+ 21. Kg1
Qh4 22. Qf3 Rh3 23. Qc6+ Kd8 24. Qc7+ Ke8 25. d7+ {Black resigns} 1-0

[Event "Team 45 45 League T83"]
[Site "Internet Chess Club"]
[Date "2020.02.09"]
[Round "6"]
[White "Andaluz"]
[Black "Waldomiro"]
[Result "0-1"]
[WhiteElo "1369"]
[BlackElo "1502"]
[Opening "Réti v Dutch"]
[ECO "A04"]
[Time "06:00:22"]
[TimeControl "2700+45"]

1. Nf3 f5 2. d4 Nf6 3. Nc3 g6 4. g3 Bg7 5. Bg2 O-O 6. O-O d6 7. Re1 Nc6 8. a3
Bd7 9. e3 e5 10. dxe5 dxe5 11. e4 fxe4 12. Nxe4 Qe8 13. Nxf6+ Bxf6 14. Qe2 Bg4
15. c3 Qf7 16. Qe3 Rad8 17. Ng5 Bxg5 18. Qxg5 Qxf2+ {White resigns} 0-1

[Event "Team 45 45 League T83"]
[Site "Internet Chess Club"]
[Date "2020.02.10"]
[Round "6"]
[White "guyd52"]
[Black "Balderdash"]
[Result "1-0"]
[WhiteElo "1240"]
[BlackElo "1223"]
[Opening "Réti: King's Indian attack (Barcza system)"]
[ECO "A07"]
[Time "07:30:36"]
[TimeControl "2700+45"]

1. Nf3 d5 2. g3 Nc6 3. Bg2 e5 4. d3 Bd6 5. Nbd2 Nf6 6. O-O Be6 7. c3 d4 8. cxd4
Nxd4 9. Nxd4 exd4 10. Bxb7 Rb8 11. Qa4+ Bd7 12. Qxa7 O-O 13. Bg2 Rb5 14. Qxd4
Bc5 15. Qc4 Qe7 16. Ne4 Nxe4 17. Qxe4 Qf6 18. Qf3 Bd4 19. Qxf6 Bxf6 20. Rb1 Re8
21. e4 Be6 22. b3 Be5 23. Be3 Rd8 24. f4 Rxd3 25. Rfd1 Rxd1+ 26. Rxd1 Bf6 27. e5
Be7 28. Rc1 c5 29. Rc3 g6 30. Bf1 Ra5 31. a4 c4 32. Bxc4 Bb4 33. Rc2 Bf5 34. Rc1
Ba3 35. Rd1 Ra8 36. Rd5 Be4 37. Rd7 Rf8 38. e6 Bc6 39. Rc7 Be8 40. exf7+ Bxf7
41. Bxf7+ Rxf7 42. Rxf7 Kxf7 43. a5 g5 44. fxg5 Kg6 45. h4 Kh5 46. Kg2 Kg4 47.
a6 Bd6 48. a7 Bxg3 49. a8=Q Kxh4 50. Qf3 Bb8 51. Qh3# {Black checkmated} 1-0

[Event "Team 45 45 League T83"]
[Site "Internet Chess Club"]
[Date "2020.02.10"]
[Round "6"]
[White "Toalla"]
[Black "isaac13"]
[Result "0-1"]
[WhiteElo "1215"]
[BlackElo "1202"]
[Opening "Queen's pawn: Charlick (Englund) gambit"]
[ECO "A40"]
[Time "10:02:36"]
[TimeControl "2700+45"]

1. d4 e5 2. dxe5 Nc6 3. e4 Nxe5 4. Nc3 Nf6 5. f4 Ng6 6. e5 Ng8 7. Bc4 d6 8. Qe2
dxe5 9. fxe5 Bc5 10. Bxf7+ Kxf7 11. Qc4+ Be6 12. Qxc5 N8e7 13. Bg5 h6 14. Bxe7
Qxe7 15. Qxe7+ Nxe7 16. O-O-O Rad8 17. Nf3 Rhe8 18. Rhf1 Kg8 19. h3 Nf5 20. Rd2
Rxd2 21. Nxd2 Rd8 22. b3 Ne3 23. Rf2 Bf5 24. Nce4 Re8 25. Re2 Nd5 26. Kb2 Kh8
27. Rf2 Rxe5 28. c4 Nb4 29. Re2 Nd3+ 30. Kc2 Nf4 31. Rf2 Bxe4+ 32. Nxe4 Rxe4 33.
g3 Re2+ 34. Rxe2 Nxe2 35. g4 Kg8 36. a3 Kf7 37. h4 Ke6 38. Kd3 Nf4+ 39. Ke4 Ng6
40. g5 h5 41. c5 Nxh4 {White resigns} 0-1

[Event "Team 45 45 League T83"]
[Site "Internet Chess Club"]
[Date "2020.02.08"]
[Round "6"]
[White "liujf"]
[Black "ascoli"]
[Result "1-0"]
[WhiteElo "1529"]
[BlackElo "1548"]
[Opening "Queen's pawn: London system"]
[ECO "A45"]
[Time "15:01:52"]
[TimeControl "2700+45"]

1. d4 Nf6 2. Bf4 g6 3. Nc3 c5 4. e3 Bg7 5. Bd3 d6 6. h4 Nbd7 7. Nf3 O-O 8. Qe2
Nh5 9. Bh2 e5 10. dxe5 Nxe5 11. Nxe5 dxe5 12. g4 Nf6 13. f3 Nxg4 14. fxg4 Qxh4+
15. Qf2 Qxg4 16. Rg1 Qb4 17. O-O-O e4 18. Bxe4 Bxc3 19. bxc3 Qxc3 20. Bd5 Bf5
21. Qxf5 Qxe3+ 22. Kb1 Rad8 23. Bxf7+ Rxf7 {Black resigns} 1-0

[Event "Team 45 45 League T83"]
[Site "Internet Chess Club"]
[Date "2020.02.08"]
[Round "6"]
[White "g8wrb"]
[Black "BrerRabbit"]
[Result "1-0"]
[WhiteElo "1318"]
[BlackElo "1347"]
[Opening "Nimzovich-Larsen attack: classical variation"]
[ECO "A01"]
[Time "10:33:48"]
[TimeControl "2700+45"]

1. b3 d5 2. Bb2 Bf5 3. e3 e6 4. Nf3 Nf6 5. Nc3 Be7 6. Bb5+ c6 7. Bd3 Bxd3 8.
cxd3 O-O 9. O-O Nbd7 10. Qc2 Rc8 11. e4 Qc7 12. Rac1 Rfe8 13. Rfe1 Qb8 14. e5
Ng4 15. d4 c5 16. h3 cxd4 17. hxg4 dxc3 18. dxc3 b5 19. Qd3 Rc7 20. Qd4 Rec8 21.
Qe3 Qb6 22. Qf4 h6 23. g5 hxg5 24. Nxg5 Bxg5 25. Qxg5 Qa5 26. a3 Nc5 27. b4 Qa4
28. bxc5 Qb3 29. Qd2 Rxc5 30. Qc2 Qc4 31. Qe2 Qh4 32. Qe3 Kf8 33. Qd4 Qh6 34.
Qb4 g6 35. Rcd1 Kg7 36. Bc1 g5 37. Qg4 Kg6 38. Qh3 Qxh3 39. gxh3 Rxc3 40. Kg2
R8c4 41. f3 Rc2+ 42. Kg3 Kf5 43. Be3 a6 44. Rd4 R4c3 45. Rg4 f6 46. exf6 Kxf6
47. Bd4+ e5 48. Bxe5+ Kf5 49. Bxc3 Rxc3 50. h4 gxh4+ 51. Rxh4 Rxa3 52. Rh5+ Kf6
53. Rxd5 b4 54. Ree5 b3 55. Re2 a5 56. Rb2 a4 57. Ra5 Ke6 58. f4 {Black resigns}
1-0

[Event "Team 45 45 League T83"]
[Site "Internet Chess Club"]
[Date "2020.02.06"]
[Round "6"]
[White "Pawnchain"]
[Black "seattleblues"]
[Result "1-0"]
[WhiteElo "1538"]
[BlackElo "1254"]
[Opening "Queen's pawn: London system"]
[ECO "A45"]
[Time "05:00:12"]
[TimeControl "2700+45"]

1. d4 Nf6 2. Bf4 e6 3. e3 c5 4. c3 d5 5. Nd2 Nbd7 6. Ngf3 Be7 7. Ne5 Nxe5 8.
dxe5 Nd7 9. Bd3 c4 10. Bc2 Qc7 11. Nf3 O-O 12. Bg3 b5 13. a3 Bb7 14. Nd4 a6 15.
O-O Nxe5 16. Qh5 g6 17. Qxe5 Bd6 18. Qxd6 Qxd6 19. Bxd6 Rfd8 20. Be5 Re8 21.
Rae1 f6 22. Bxf6 {Black resigns} 1-0

[Event "Team 45 45 League T83"]
[Site "Internet Chess Club"]
[Date "2020.02.07"]
[Round "6"]
[White "SeniorCitizen"]
[Black "jeffk"]
[Result "1-0"]
[WhiteElo "1243"]
[BlackElo "1035"]
[Opening "Alekhine's defense"]
[ECO "B02"]
[Time "14:01:24"]
[TimeControl "2700+45"]

1. e4 Nf6 2. Nc3 d6 3. Bc4 g6 4. Nf3 Bg7 5. O-O O-O 6. h3 c5 7. d3 Nc6 8. a3 a6
9. Be3 Bd7 10. Qd2 b5 11. Ba2 e6 12. e5 dxe5 13. Bxc5 Re8 14. Ne4 Bf8 15. Bxf8
Rxf8 16. Qg5 Nxe4 17. Qxd8 Raxd8 18. dxe4 b4 19. Ng5 bxa3 20. bxa3 Nd4 21. Bb3
Bb5 22. Rfe1 Nxb3 23. cxb3 h6 24. Nf3 f6 25. a4 Bd3 26. Re3 Rd6 27. Ne1 Rfd8 28.
Rd1 Bc2 29. Rxd6 Rxd6 30. Nxc2 Rd1+ 31. Ne1 Kf7 32. Kf1 Ke7 33. f3 g5 34. g4 Kd6
35. Rd3+ Rxd3 36. Nxd3 f5 37. exf5 exf5 38. gxf5 Ke7 39. Nxe5 Kf6 40. Nd3 Kxf5
41. Kf2 h5 42. Kg3 h4+ 43. Kf2 g4 44. fxg4+ {Black resigns} 1-0

[Event "Team 45 45 League T83"]
[Site "Internet Chess Club"]
[Date "2020.02.09"]
[Round "6"]
[White "QuieroAprender"]
[Black "Packerfan"]
[Result "1-0"]
[WhiteElo "1659"]
[BlackElo "1738"]
[Opening "Nimzovich-Larsen attack: classical variation"]
[ECO "A01"]
[Time "14:30:37"]
[TimeControl "2700+45"]

1. b3 d5 2. e3 e5 3. Bb2 Nc6 4. g3 Nf6 5. Bg2 Be7 6. Ne2 O-O 7. d4 exd4 8. Nxd4
Nxd4 9. Qxd4 Bf5 10. Qd1 c6 11. O-O Qd7 12. Nd2 Bg4 13. Nf3 Rad8 14. Ne5 Qc8 15.
Nxg4 Nxg4 16. h3 Bf6 17. Ba3 Bxa1 18. Qxa1 Nf6 19. Bxf8 Rxf8 20. Rd1 Qf5 21. c3
Ne4 22. Qb2 Ng5 23. Kh2 Nf3+ 24. Bxf3 Qxf3 25. Rd4 Qf6 26. Qd2 h6 27. Kg2 a6 28.
e4 dxe4 29. Rxe4 Rd8 30. Qe3 Kf8 31. h4 Qd6 32. Rd4 Qe7 33. Re4 Qa3 34. Rb4 Rd7
35. Qc5+ Kg8 36. Qe5 Rd2 37. Rxb7 Qxa2 38. Rb8+ Kh7 39. Qf5+ g6 40. Qxf7# {Black
checkmated} 1-0

[Event "Team 45 45 League T83"]
[Site "Internet Chess Club"]
[Date "2020.02.07"]
[Round "6"]
[White "Electryon"]
[Black "julesraider"]
[Result "0-1"]
[WhiteElo "1498"]
[BlackElo "1666"]
[Opening "Robatsch defense: two knights variation"]
[ECO "A04"]
[Time "23:00:18"]
[TimeControl "2700+45"]

1. Nf3 g6 2. e4 Bg7 3. d4 d6 4. Nc3 b6 5. Be3 Bb7 6. Qd2 Nf6 7. e5 dxe5 8. dxe5
Qxd2+ 9. Bxd2 Nd5 10. Nxd5 Bxd5 11. Bc3 O-O 12. Be2 Nc6 13. O-O Be4 14. Bd1 Rad8
15. Re1 Bf5 16. Nh4 Be6 17. Bf3 Nd4 18. Bd1 Nb5 19. Bb4 c5 20. a4 Nc7 21. Ba3
Rd7 22. b3 Rfd8 23. Nf3 Nd5 24. Bb2 Nb4 25. Bc3 Bf5 26. Bxb4 cxb4 27. Nh4 Bxe5
28. Nxf5 Bxa1 29. Ne3 Bc3 30. Rf1 f5 31. g3 e5 32. Be2 f4 33. Bc4+ Kg7 34. Nd5
Rxd5 35. Bxd5 Rxd5 36. f3 Rd2 37. Re1 Rxc2 {White resigns} 0-1

[Event "Team 45 45 League T83"]
[Site "Internet Chess Club"]
[Date "2020.02.06"]
[Round "6"]
[White "MartyJR"]
[Black "tryanything"]
[Result "1/2-1/2"]
[WhiteElo "1421"]
[BlackElo "1494"]
[Opening "Queen's pawn: London system"]
[ECO "A45"]
[Time "20:28:36"]
[TimeControl "2700+45"]

1. d4 Nf6 2. Bf4 d5 3. e3 Bf5 4. Bd3 Bg6 5. Nf3 e6 6. O-O Bd6 7. Bg5 Nbd7 8.
Nbd2 c5 9. Bb5 Qc7 10. c3 O-O 11. Ba4 a6 12. Bc2 Bxc2 13. Qxc2 Ng4 14. h3 Ngf6
15. dxc5 Bxc5 16. e4 Rac8 17. Rfe1 b5 18. e5 Nh5 19. Qd1 g6 20. Nb3 Ng7 21. Nxc5
Nxc5 22. Bh6 f5 23. exf6 Rxf6 24. Qd4 Rcf8 25. Ne5 Nf5 26. Qd2 Ne4 27. Rxe4 dxe4
28. Bxf8 Qxe5 29. Bh6 Nxh6 30. Qxh6 Qf5 31. Qe3 e5 32. Rd1 Rf8 33. Re1 {Game
drawn by mutual agreement} 1/2-1/2